 Dungeon Crawl Stone Soup version 0.30-a0-49-g1cef19eb02 (webtiles) character file.

Game seed: 7940031135871218817

21 ytrimaz the Cutter (level 2, 24/24 HPs)
             Began as a Demonspawn Berserker on Sept 2, 2022.
             Was a Follower of Trog.
             Quit the game on level 1 of the Dungeon.
             The game lasted 00:00:48 (1173 turns).

ytrimaz the Cutter (Demonspawn Berserker)           Turns: 1173, Time: 00:00:49

Health: 24/24      AC:  2    Str: 17    XL:     2   Next: 65%
Magic:  2/2        EV: 12    Int:  8    God:    Trog [*.....]
Gold:   58         SH:  0    Dex: 12    Spells: 1/1 levels left

rFire   . . .      SeeInvis .    a - +0 short sword {short}
rCold   . . .      Faith    .    (no shield)
rNeg    . . .      Spirit   .    b - +0 animal skin
rPois   .          Reflect  .    (helmet restricted)
rElec   .          Harm     .    (no cloak)
rCorr   .          Rampage  .    (no gloves)
Will    .....                    (no boots)
Stlth   +.........               (no amulet)
HPRegen 0.08/turn                (no ring)
MPRegen 0.08/turn                (no ring)

@: about to teleport
A: antennae 1
a: Renounce Religion, Berserk


You were on level 1 of the Dungeon.
You worshipped Trog.
Trog was aware of your devotion.
You visited 1 branch of the dungeon, and saw 1 of its levels.

You collected 58 gold pieces.


Innate Abilities, Weirdness & Mutations

You have a pair of small antennae on your head.


   Skills:
 - Level 3.0 Fighting
 + Level 3.6 Short Blades
 - Level 1.7 Armour
 - Level 1.7 Dodging


You had one spell level left.
You didn't know any spells.
Your spell library was empty.

Inventory:

Hand Weapons
 a - a +0 short sword (weapon) {short}
Missiles
 d - 6 stones (quivered) {throwing}
Armour
 b - a +0 animal skin (worn)
Scrolls
 c - a scroll of teleportation {@r4}
 g - a scroll of identify {@r1}
 i - a scroll of enchant armour
Potions
 e - a potion of curing {unknown}
 h - a potion of brilliance {unknown}

Dungeon Overview and Level Annotations

Branches:
Dungeon (1/15) Zot: 4832

Altars:

...### #.# ...... #
###.####. ...# .#
#........
.#.####.###.#.#
.#.##...#.....# #
.#.##.###.....# .#
##............####.###.#
.......................#
.#.#.#..........@..##
.#.#.#........###b.#
.......####....# .##
##.#.#.# #.#.....#
.......# #.#......
##.###.# #.#..# .# ##.#
.. ##..## .# # .. .# #


You could see a bat.


Message History

😎 HP[+3]
Your hp is fully restored (24).
h - an emerald potion Unknown command.
No target in view!
No target in view!
An endoplasm comes into view.
An endoplasm is nearby!
An endoplasm is nearby!
A bat comes into view.
The bat hits you.
You see here a scroll labelled FEANOO HEMNERR. 😕 HP[-1]
You take 1 damage, and now have 23/24 hp.
You miss the bat. The bat closely misses you.
You closely miss the bat.
The endoplasm quivers.
The bat misses you. The bat closely misses you. The bat closely misses you.
The bat hits you but does no damage.
You hit the bat. The bat hits you but does no damage.
The bat closely misses you. The bat hits you but does no damage.
The endoplasm jiggles.
The bat closely misses you. The bat closely misses you.
You closely miss the bat. The bat hits you. 😕 HP[-1]
You take 1 damage, and now have 22/24 hp.
You miss the bat. The bat barely misses you. The endoplasm misses you. 😕 HP[+1]
You hit the endoplasm. The endoplasm freezes you.
You are frozen.
The bat hits you but does no damage. 😕 HP[-2]
You take 2 damage, and now have 21/24 hp.
You hit the bat but do no damage. The bat barely misses you.
The bat hits you but does no damage. The endoplasm barely misses you.
You closely miss the bat. The bat hits you. x2
The endoplasm closely misses you. 😕 HP[-2]
You take 2 damage, and now have 19/24 hp.
You hit the endoplasm. The bat hits you but does no damage. x2
The endoplasm hits you. 😮 HP[-1]
You take 1 damage, and now have 18/24 hp.
You are too injured to fight recklessly!
You are too injured to fight recklessly!
You are too injured to fight recklessly!
You are too injured to fight recklessly!
You are too injured to fight recklessly!
You are too injured to fight recklessly!
You are too injured to fight recklessly!
You are too injured to fight recklessly!
You are too injured to fight recklessly!
You are too injured to fight recklessly!
You are too injured to fight recklessly!
You are too injured to fight recklessly!
You are too injured to fight recklessly!
You are too injured to fight recklessly!
You are too injured to fight recklessly!
You are too injured to fight recklessly!
You are too injured to fight recklessly!
You are too injured to fight recklessly!
Unknown command.
You hit the endoplasm.
You kill the endoplasm!
Trog accepts your kill. The bat hits you but does no damage.
The bat barely misses you.
You hit the bat but do no damage. The bat hits you. 😮 HP[-1]
You take 1 damage, and now have 17/24 hp.
The bat hits you. 😮 HP[-1]
You take 1 damage, and now have 16/24 hp.
You hit the bat. The bat hits you. 😮 HP[-1]
You take 1 damage, and now have 15/24 hp.
You hit the bat.
You kill the bat!
Trog accepts your kill.
Key pressed, stopping explore.
i - a scroll labelled FEANOO HEMNERR A bat comes into view.
The bat moves out of view. 😎 HP[+9]
Your hp is fully restored (24).
As you read the scroll labelled JIULAQU HALA, it crumbles to dust.
You feel strangely unstable.
It was a scroll of teleportation.
As you read the scroll labelled SUFOOX FEONE, it crumbles to dust.
You hear a loud clanging noise!
It was a scroll of noise.
You hear a shout!
The bat hits you but does no damage.
Unknown command.
As you read the scroll labelled XADUFI HOAMP, it crumbles to dust.
It is a scroll of identify.
i - a scroll of enchant armour Unknown command.
Are you sure you want to abandon this character and quit the game? (Confirm with "yes".)

Skill      XL: |  1 |
---------------+----+-----
Short Blades   | 3 |  3.6
Fighting       | |  3.0
Armour         | |  1.7
Dodging        | |  1.7

Action                   || total
-------------------------++-------
Melee: Short sword       ||    77
       Punch             ||     1
  Use: Scroll            ||     3
 Stab: Sleeping          ||     1
Armor: Animal skin       ||    22
Dodge: Dodged            ||    51

Levels and vault maps discovered:
D:1:      saegor_arrival_simple_a, layout_basic

Notes
Turn   | Place    | Note
-------+----------+-------------------------------------------
     0 | D:1      | ytrimaz the Demonspawn Berserker began the quest for the
                  | Orb.
     0 | D:1      | Reached XP level 1. HP: 18/18 MP: 1/1
     0 | D:1      | magus.rc [v1.9.6]
    61 | D:1      | Reached skill level 3 in Short Blades
   390 | D:1      | HP: 4/18 [frozen (1)]
   392 | D:1      | Gained mutation: You have a pair of small antennae on your
                  | head. [demonic ancestry]
   392 | D:1      | Reached XP level 2. HP: 5/24 MP: 2/2
  1173 | D:1      | Quit the game

Vanquished Creatures
  2 bats (D:1)
  4 endoplasms (D:1)
  A giant cockroach (D:1)
  4 goblins (D:1)
  A hobgoblin (D:1)
  A quokka (D:1)
  4 kobolds (D:1)
  A rat (D:1)
18 creatures vanquished.

Table legend:
 A = Non-vault XP
 B = Vault XP
 C = Vault XP percentage of total XP
 D = Non-vault monster count
 E = Vault monster count
 F = Vault count percentage of total count
                 A         B        C        D         E       F
            +---------+---------+-------+---------+---------+-------
      Total |      31 |       0 |   0.0 |      18 |       0 |   0.0
            +---------+---------+-------+---------+---------+-------
        D:1 |      31 |       0 |   0.0 |      18 |       0 |   0.0
            +---------+---------+-------+---------+---------+-------

Illustrated notes

Table legend:
 A = Kills in this place as a percentage of kills in entire the game.
 B = Kills by you in this place as a percentage of kills by you in the entire game.
 C = Kills by friends in this place as a percentage of kills by friends in the entire game.
 D = Other kills in this place as a percentage of other kills in the entire game.
 E = Experience gained in this place as a percentage of experience gained in the entire game.
 F = Experience gained in this place divided by the number of levels of this place that you have seen.
                   A       B       C       D       E      F
               +-------+-------+-------+-------+-------+----------------------
         Total | 100.0 | 100.0 |   N/A |   N/A | 100.0 |  31.0
       Dungeon | 100.0 | 100.0 |   N/A |   N/A | 100.0 |  31.0
               +-------+-------+-------+-------+-------+----------------------

Table legend: (Time is in decaauts)
 A = Elapsed time spent in this place.
 B = Non-inter-level travel time spent in this place.
 C = Inter-level travel time spent in this place.
 D = Time resting spent in this place.
 E = Time spent auto-exploring this place.
 F = Levels seen in this place.
 G = Mean time per level.
                   A        B        C        D        E       F      G
               +--------+--------+--------+--------+--------+-----+--------+
         Total |   1167 |   1167 |      0 |      0 |   1014 |   1 | 1167.0 |
       Dungeon |   1167 |   1167 |      0 |      0 |   1014 |   1 | 1167.0 |
               +--------+--------+--------+--------+--------+-----+--------+

Top non-repeatable levels by time:
     D:1: 1167 daAuts
